PBL
YORK REVOLUTION @ WINNIPEG GOLDEYES
09/19/2049
 
TOP OF THE 1ST
York Revolution batting - Pitching for Winnipeg Goldeyes : RHP Ryan Kraemer
Pitching: RHP Ryan Kraemer
Batting: LHB Quincy Smart 0-0: Ball
1-0: Foul Ball, location: 2F
1-1: Foul Ball, location: 2F
1-2: Ball
2-2: Ground out 4-3 (Groundball, 34D, EV 106.2 MPH)
Batting: RHB Dan Shaffer 0-0: Ball
1-0: Ball
2-0: Called Strike
2-1: Ground out 1-3 (Groundball, 13S, EV 67.5 MPH)
Batting: RHB Juan Gonzalez 0-0: Ball
1-0: Called Strike
1-1: Ball
2-1: Ball
3-1: Called Strike
3-2: Ground out 5-3 (Groundball, 56S, EV 75.6 MPH)
Top of the 1st over - 0 runs, 0 hits, 0 errors, 0 left on base; York 0 - Winnipeg 0
BOTTOM OF THE 1ST
Winnipeg Goldeyes batting - Pitching for York Revolution : RHP Bobby Acevedo
Pitching: RHP Bobby Acevedo
Batting: RHB Settan Nakamura 0-0: Ball
1-0: Called Strike
1-1: Ball
2-1: SINGLE (Flyball, 89S, EV 91.9 MPH)
Batting: LHB Dave Bertheau 0-0: Called Strike
Settan Nakamura steals 2nd base
0-1: Foul Ball, location: 2F
0-2: Strikes out looking
Batting: RHB Terry Oetker 0-0: Ball
1-0: Called Strike
1-1: Foul Ball, location: 2F
1-2: Strikes out swinging
Batting: SHB Victor Turrubiate 0-0: Ball
1-0: Ball
2-0: Ball
3-0: Base on Balls
Batting: RHB Itocravo Arrochela 0-0: Fielders Choice at 2nd, U6 (Groundball, 6M, EV 105.0 MPH)
Bottom of the 1st over - 0 runs, 1 hit, 0 errors, 2 left on base; York 0 - Winnipeg 0
TOP OF THE 2ND
York Revolution batting - Pitching for Winnipeg Goldeyes : RHP Ryan Kraemer
Batting: RHB Alexis Graciani 0-0: Called Strike
0-1: Called Strike
0-2: Ball
1-2: Foul Ball, location: 2F
1-2: Strikes out swinging
Batting: LHB Cipto Pakpahan 0-0: Ball
1-0: Called Strike
1-1: Ball
2-1: Ground out 6-3 (Groundball, 6M, EV 107.5 MPH)
Batting: RHB Jonathan Steria 0-0: Ball
1-0: Ball
2-0: Called Strike
2-1: Foul Ball, location: 2F
2-2: Strikes out swinging
Top of the 2nd over - 0 runs, 0 hits, 0 errors, 0 left on base; York 0 - Winnipeg 0
BOTTOM OF THE 2ND
Winnipeg Goldeyes batting - Pitching for York Revolution : RHP Bobby Acevedo
Batting: RHB Mike Berzins 0-0: Ball
1-0: Ground out 6-3 (Groundball, 56, EV 93.1 MPH)
Batting: RHB Alejandro de Jesus 0-0: Ball
1-0: SINGLE (Groundball, 56D, EV 103.1 MPH)
Batting: RHB Yu-zeng Mai 0-0: Ball
1-0: Ball
2-0: Ball
Alejandro de Jesus is caught stealing 2nd base 2-4
3-0: Called Strike
3-1: Called Strike
3-2: Fly out, F4 (Popup, 34, EV 73.1 MPH)
Bottom of the 2nd over - 0 runs, 1 hit, 0 errors, 0 left on base; York 0 - Winnipeg 0
TOP OF THE 3RD
York Revolution batting - Pitching for Winnipeg Goldeyes : RHP Ryan Kraemer
Batting: LHB Skyler Bright 0-0: Called Strike
0-1: SOLO HOME RUN (Flyball, 9LD, EV 92.5 MPH), Distance : 335 ft
Batting: RHB Josh Jarvis 0-0: Ground out 5-3 (Groundball, 56S, EV 86.2 MPH)
Batting: RHB Tim Schell 0-0: Swinging Strike
0-1: Ball
1-1: Swinging Strike
1-2: Ball
2-2: Foul Ball, location: 2F
2-2: Fly out, F3 (Popup, 23F, EV 86.2 MPH)
Batting: LHB Quincy Smart 0-0: Ball
1-0: Called Strike
1-1: Swinging Strike
1-2: Fly out, F1 (Line Drive, P, EV 71.9 MPH)
Top of the 3rd over - 1 run, 1 hit, 0 errors, 0 left on base; York 1 - Winnipeg 0
BOTTOM OF THE 3RD
Winnipeg Goldeyes batting - Pitching for York Revolution : RHP Bobby Acevedo
Batting: RHB Justin Palko 0-0: Called Strike
0-1: SINGLE (Line Drive, 78S, EV 100.0 MPH)
Batting: RHB Settan Nakamura 0-0: Called Strike
0-1: Foul Ball, location: 2F
0-2: Ball
1-2: Ball
2-2: Fielders Choice at 2nd, 5-4 (Groundball, 5S, EV 88.8 MPH)
Batting: LHB Dave Bertheau 0-0: Ball
1-0: Ball
2-0: Ball
3-0: Base on Balls
Settan Nakamura to second
Batting: RHB Terry Oetker 0-0: Ball
Settan Nakamura steals 3rd, throwing error, E2
Settan Nakamura scores
Dave Bertheau to third
1-0: Fly out, F8 (Flyball, 8RD, EV 102.5 MPH)
Runner from 3rd tags up, SCORES, throw by CF
Batting: SHB Victor Turrubiate 0-0: DOUBLE (Line Drive, 89D, EV 102.5 MPH)
Batting: RHB Itocravo Arrochela 0-0: Ground out 3-1 (Groundball, 34S, EV 86.9 MPH)
Bottom of the 3rd over - 2 runs, 2 hits, 1 error, 1 left on base; York 1 - Winnipeg 2
TOP OF THE 4TH
York Revolution batting - Pitching for Winnipeg Goldeyes : RHP Ryan Kraemer
Batting: RHB Dan Shaffer 0-0: Ball
1-0: Foul Ball, location: 2F
1-1: Swinging Strike
1-2: Ball
2-2: Ball
3-2: Strikes out swinging
Batting: RHB Juan Gonzalez 0-0: Ball
1-0: Ball
2-0: Fly out, F8 (Flyball, 8RD, EV 81.2 MPH)
Batting: RHB Alexis Graciani 0-0: Ball
1-0: Called Strike
1-1: Called Strike
1-2: Foul Ball, location: 2F
1-2: Strikes out swinging, 2-3 out at first.
Top of the 4th over - 0 runs, 0 hits, 0 errors, 0 left on base; York 1 - Winnipeg 2
BOTTOM OF THE 4TH
Winnipeg Goldeyes batting - Pitching for York Revolution : RHP Bobby Acevedo
Batting: RHB Mike Berzins 0-0: Called Strike
0-1: Ball
1-1: Ball
2-1: Called Strike
2-2: Ball
3-2: Foul Ball, location: 2F
3-2: Base on Balls
Batting: RHB Alejandro de Jesus 0-0: Ball
Mike Berzins steals 2nd base (no throw)
1-0: Ball
2-0: SINGLE (Line Drive, 34D, EV 101.9 MPH)
Mike Berzins to third
Batting: RHB Yu-zeng Mai 0-0: Ball
1-0: Called Strike
1-1: Foul Ball, location: 2F
1-2: Fielders Choice at 2nd, 6-4 (Groundball, 6, EV 106.2 MPH)
Mike Berzins scores
Batting: RHB Justin Palko 0-0: Ball
Yu-zeng Mai steals 2nd base
1-0: Ball
2-0: Ball
3-0: Called Strike
3-1: Called Strike
3-2: Ground out 6-3 (Groundball, 6, EV 77.5 MPH)
Batting: RHB Settan Nakamura 0-0: Foul Ball, location: 2F
0-1: Foul Ball, location: 2F
0-2: Ball
1-2: Ground out 5-3 (Groundball, 56S, EV 92.5 MPH)
Bottom of the 4th over - 1 run, 1 hit, 0 errors, 1 left on base; York 1 - Winnipeg 3
TOP OF THE 5TH
York Revolution batting - Pitching for Winnipeg Goldeyes : RHP Ryan Kraemer
Batting: LHB Cipto Pakpahan 0-0: Called Strike
0-1: Ball
1-1: Called Strike
1-2: Fly out, F5 (Popup, 25, EV 85.0 MPH)
Batting: RHB Jonathan Steria 0-0: Called Strike
0-1: Swinging Strike
0-2: Strikes out swinging
Batting: LHB Skyler Bright 0-0: Called Strike
0-1: Foul Ball, location: 2F
0-2: Ground out 2-3 (Groundball, 2L, EV 76.2 MPH)
Top of the 5th over - 0 runs, 0 hits, 0 errors, 0 left on base; York 1 - Winnipeg 3
BOTTOM OF THE 5TH
Winnipeg Goldeyes batting - Pitching for York Revolution : RHP Bobby Acevedo
Batting: LHB Dave Bertheau 0-0: Called Strike
0-1: Called Strike
0-2: Ball
1-2: Fly out, F9 (Flyball, 89XD, EV 76.9 MPH)
Batting: RHB Terry Oetker 0-0: Called Strike
0-1: Foul Ball, location: 2F
0-2: Fly out, F8 (Flyball, 8LM, EV 83.8 MPH)
Batting: SHB Victor Turrubiate 0-0: Ball
1-0: Fly out, F8 (Flyball, 89D, EV 98.8 MPH)
Bottom of the 5th over - 0 runs, 0 hits, 0 errors, 0 left on base; York 1 - Winnipeg 3
TOP OF THE 6TH
York Revolution batting - Pitching for Winnipeg Goldeyes : RHP Ryan Kraemer
Batting: RHB Josh Jarvis 0-0: Called Strike
0-1: Ground out 5-3 (Groundball, 56, EV 96.2 MPH)
Batting: RHB Tim Schell 0-0: Ball
1-0: Ball
2-0: Ball
3-0: Base on Balls
Batting: LHB Quincy Smart 0-0: Swinging Strike
0-1: Ball
1-1: Ball
2-1: Swinging Strike
2-2: Strikes out swinging
Batting: RHB Dan Shaffer 0-0: Called Strike
0-1: SINGLE (Groundball, 56D, EV 103.1 MPH)
Tim Schell to second
Batting: RHB Juan Gonzalez 0-0: Fly out, F9 (Flyball, 89S, EV 91.9 MPH)
Top of the 6th over - 0 runs, 1 hit, 0 errors, 2 left on base; York 1 - Winnipeg 3
BOTTOM OF THE 6TH
Winnipeg Goldeyes batting - Pitching for York Revolution : RHP Bobby Acevedo
Batting: RHB Itocravo Arrochela 0-0: Ball
1-0: Swinging Strike
1-1: SOLO HOME RUN (Flyball, 9D, EV 96.9 MPH), Distance : 398 ft
Batting: RHB Mike Berzins 0-0: Ball
1-0: SINGLE (Line Drive, 7S, EV 103.1 MPH)
Batting: RHB Alejandro de Jesus 0-0: Ball
1-0: Fly out, F8 (Flyball, 8RM, EV 88.8 MPH)
Pitching: RHP A.J. Newman
Batting: RHB Yu-zeng Mai 0-0: Called Strike
Mike Berzins steals 2nd base (no throw)
0-1: Ball
1-1: SINGLE (Groundball, 6D, EV 98.8 MPH)
Mike Berzins to third
Runner from 3rd tries for Home, SAFE, throw by LF to home
Batting: RHB Justin Palko 0-0: Ball
1-0: Called Strike
1-1: Called Strike
1-2: Foul Ball, location: 2F
1-2: SINGLE (Groundball, 6D, EV 96.9 MPH)
Yu-zeng Mai to second
Batting: RHB Settan Nakamura 0-0: Ball
1-0: Foul Ball, location: 2F
1-1: Called Strike
1-2: Ball
2-2: Ball
3-2: Foul Ball, location: 2F
3-2: Foul Ball, location: 2F
3-2: SINGLE (Groundball, 4M, EV 101.9 MPH) (infield hit)
Yu-zeng Mai to third
Justin Palko to second
Batting: LHB Dave Bertheau 0-0: Foul Ball, location: 2F
0-1: Ball
1-1: Ball
2-1: Ball
3-1: Base on Balls
Yu-zeng Mai scores
Justin Palko to third
Settan Nakamura to second
Batting: RHB Terry Oetker 0-0: Called Strike
0-1: Ball
1-1: Ball
Passed Ball!
Justin Palko scores
Settan Nakamura to third
Dave Bertheau to second
2-1: SINGLE (Flyball, 6MD, EV 92.5 MPH) - OUT at second base trying to stretch hit.
Settan Nakamura scores
Dave Bertheau scores
Pitching: RHP Katsushi Endo
Batting: SHB Victor Turrubiate 0-0: Ball
1-0: Ball
2-0: Ball
3-0: Called Strike
3-1: Called Strike
3-2: SOLO HOME RUN (Flyball, 9LD, EV 95.0 MPH), Distance : 353 ft
Batting: RHB Itocravo Arrochela 0-0: Called Strike
0-1: Reached on error, E5 (Groundball, 5S, EV 88.8 MPH)
Batting: RHB Mike Berzins 0-0: Ball
1-0: Foul Ball, location: 2F
1-1: Swinging Strike
1-2: Ball
2-2: Ball
3-2: Base on Balls
Itocravo Arrochela to second
Batting: RHB Alejandro de Jesus 0-0: Swinging Strike
0-1: Ball
1-1: Swinging Strike
1-2: Foul Ball, location: 2F
1-2: Foul Ball, location: 2F
1-2: Ball
2-2: Ball
3-2: SINGLE (Groundball, 6D, EV 110.6 MPH)
Itocravo Arrochela to third
Mike Berzins to second
Itocravo Arrochela scores
Mike Berzins to third
Batting: RHB Yu-zeng Mai 0-0: Called Strike
0-1: Swinging Strike
0-2: Ball
1-2: Ball
2-2: Strikes out looking
Bottom of the 6th over - 8 runs, 8 hits, 1 error, 2 left on base; York 1 - Winnipeg 11
TOP OF THE 7TH
York Revolution batting - Pitching for Winnipeg Goldeyes : RHP Ryan Kraemer
Batting: RHB Alexis Graciani 0-0: Foul Ball, location: 2F
0-1: Called Strike
0-2: Ball
1-2: Strikes out looking
Batting: LHB Cipto Pakpahan 0-0: Swinging Strike
0-1: Ground out 4-3 (Groundball, 4, EV 89.4 MPH)
Batting: RHB Jonathan Steria 0-0: Ball
1-0: Ball
2-0: Foul Ball, location: 2F
2-1: Called Strike
2-2: Ball
3-2: Base on Balls
Batting: LHB Skyler Bright 0-0: Fly out, F9 (Flyball, 9D, EV 103.1 MPH)
Top of the 7th over - 0 runs, 0 hits, 0 errors, 1 left on base; York 1 - Winnipeg 11
BOTTOM OF THE 7TH
Winnipeg Goldeyes batting - Pitching for York Revolution : RHP Katsushi Endo
Batting: RHB Justin Palko 0-0: Called Strike
0-1: Foul Ball, location: 2F
0-2: Strikes out swinging
Pinch Hitting: RHB Kenny Reynolds 0-0: Foul Ball, location: 2F
0-1: Fly out, F7 (Flyball, 7D, EV 78.1 MPH)
Pinch Hitting: RHB Jesus Montoya 0-0: Ball
1-0: Foul Ball, location: 2F
1-1: Ball
2-1: Ball
3-1: Swinging Strike
3-2: Foul Ball, location: 2F
3-2: Foul Ball, location: 2F
3-2: SINGLE (Groundball, 23, EV 65.6 MPH) (infield hit)
Pinch Hitting: RHB Tyler Henke 0-0: Foul Ball, location: 2F
0-1: Swinging Strike
0-2: Strikes out swinging
Bottom of the 7th over - 0 runs, 1 hit, 0 errors, 1 left on base; York 1 - Winnipeg 11
TOP OF THE 8TH
York Revolution batting - Pitching for Winnipeg Goldeyes : RHP Ryan Kraemer
Now at 1B: Danny Rodriguez
Now at 2B: Kenny Reynolds
Now in LF: Jesus Montoya
Now in RF: Yu-zeng Mai
Batting: RHB Josh Jarvis 0-0: Ball
1-0: Foul Ball, location: 2F
1-1: Ball
2-1: Foul Ball, location: 2F
2-2: Foul Ball, location: 2F
2-2: Ball
3-2: Foul Ball, location: 2F
3-2: Base on Balls
Batting: RHB Tim Schell 0-0: Swinging Strike
0-1: Grounds into double play, 4-6-3 (Groundball, 4, EV 89.4 MPH)
Batting: LHB Quincy Smart 0-0: Ball
1-0: Called Strike
1-1: Ball
2-1: Ground out 4-3 (Groundball, 4S, EV 76.2 MPH)
Top of the 8th over - 0 runs, 0 hits, 0 errors, 0 left on base; York 1 - Winnipeg 11
BOTTOM OF THE 8TH
Winnipeg Goldeyes batting - Pitching for York Revolution : RHP Katsushi Endo
Batting: RHB Mitsuhiro Kobayashi 0-0: Ball
1-0: Foul Ball, location: 2F
1-1: Ball
2-1: Foul Ball, location: 2F
2-2: Ball
3-2: Fly out, F8 (Flyball, 8RM, EV 96.9 MPH)
Pitching: RHP Ryan Imes
Pinch Hitting: RHB Mike Wibbenmeyer 0-0: Called Strike
0-1: SINGLE (Groundball, 56, EV 105.6 MPH)
Pinch Hitting: LHB Raul Aldaz 0-0: Called Strike
0-1: Ball
Wild Pitch!
Mike Wibbenmeyer to second
1-1: Foul Ball, location: 2F
1-2: TRIPLE (Flyball, 7LD, EV 102.5 MPH)
Mike Wibbenmeyer scores
Batting: RHB Alejandro de Jesus 0-0: Ball
1-0: Ball
2-0: Called Strike
2-1: Ball
3-1: Base on Balls
Pinch Hitting: RHB Bryan Palmer 0-0: Foul Ball, location: 2F
0-1: Ball
1-1: Foul Ball, location: 2F
1-2: Fielders Choice at 2nd, 4-6 (Groundball, 4M, EV 81.2 MPH)
Raul Aldaz scores
Batting: RHB Justin Palko 0-0: Called Strike
0-1: Foul Ball, location: 2F
0-2: SINGLE (Line Drive, 6M, EV 99.4 MPH)
Bryan Palmer to second
Pinch Hitting: RHB Lee Litchfield 0-0: Ball
1-0: Swinging Strike
1-1: Ball
2-1: Fly out, F9 (Flyball, 89M, EV 90.0 MPH)
Bottom of the 8th over - 2 runs, 3 hits, 0 errors, 2 left on base; York 1 - Winnipeg 13
TOP OF THE 9TH
York Revolution batting - Pitching for Winnipeg Goldeyes : RHP Ryan Kraemer
Pitching: RHP Chris Buschke
Now at 2B: George Bigalow
Now at SS: Mike Wibbenmeyer
Now in LF: Bryan Palmer
Now in CF: Jesus Montoya
Now in RF: Raul Aldaz
Batting: RHB Dan Shaffer 0-0: Called Strike
0-1: Ball
1-1: Ball
2-1: Foul Ball, location: 2F
2-2: Foul Ball, location: 2F
2-2: Strikes out swinging
Batting: RHB Juan Gonzalez 0-0: Called Strike
0-1: Ball
1-1: Ball
2-1: Ball
3-1: Base on Balls
Batting: RHB Alexis Graciani 0-0: Grounds into double play, 6-4-3 (Groundball, 6, EV 104.4 MPH)
Top of the 9th over - 0 runs, 0 hits, 0 errors, 0 left on base; York 1 - Winnipeg 13
Sunday, July 16th , 2023 - OOTP Baseball 24.6 Build 69